 Dungeon Crawl Stone Soup version 0.28.0-45-g0d030f2227 (webtiles) character file.

Game seed: 15022051696354404758

1618 Faeu the Shield-Bearer (level 8, -4/65 (71) HPs)
             Began as a Minotaur Fighter on Mar 31, 2022.
             Slain by a wight
             ... wielding a +5 flail
              (10 damage)
             ... on level 6 of the Dungeon on Apr 1, 2022.
             The game lasted 00:19:45 (5920 turns).

Faeu the Shield-Bearer (Minotaur Fighter)           Turns: 5920, Time: 00:19:46

HP:   -4/65 (71)    AC: 11    Str: 23    XL:     8   Next: 64%
MP:   7/7           EV:  8    Int:  5    God:
Gold: 234           SH:  9    Dex: 10    Spells: 7/7 levels left

rFire   . . .      SeeInvis .   a - +0 war axe {axe}
rCold   + . .      Faith    .   E - +0 kite shield
rNeg    . . .      Spirit   .   y - +0 chain mail
rPois   .          Reflect  .   (helmet restricted)
rElec   .          Harm     .   (no cloak)
rCorr   .          Rampage  .   (no gloves)
Will    .....                   B - +0 pair of boots
Stlth   ..........              (no amulet)
HPRegen 0.20/turn               o - ring of protection from cold
MPRegen 0.10/turn               (no ring)

@: drained
A: horns 2, retaliatory headbutt
a: no special abilities


You were on level 6 of the Dungeon.
You visited 1 branch of the dungeon, and saw 6 of its levels.

You collected 234 gold pieces.


Innate Abilities, Weirdness & Mutations

You have a pair of horns on your head.
You reflexively headbutt those who attack you in melee.


   Skills:
 + Level 6.4 Fighting
 + Level 5.6 Axes
 + Level 4.1 Throwing
 + Level 6.4 Armour
 + Level 4.6 Dodging
 + Level 6.6 Shields


You had 7 spell levels left.
You didn't know any spells.
Your spell library contained the following spells:

 Spells                   Type           Power      Damage    Failure   Level
 Shock                    Conj/Air       0%         1d3       100%        1
 Corpse Rot               Necr/Air       0%         N/A       100%        2
 Poisonous Vapours        Pois/Air       0%         N/A       100%        2
 Swiftness                Air            0%         N/A       100%        3
 Airstrike                Air            0%         N/A       100%        4

Inventory:

Hand Weapons
 a - a +0 war axe (weapon) {axe}
 C - a +2 antimagic spear {polearm}
   (You took it off a gnoll on level 6 of the Dungeon)
 D - a +0 vorpal spear {polearm}
   (You took it off a gnoll sergeant on level 6 of the Dungeon)
Missiles
 w - 13 poisoned darts (quivered) {throwing}
Armour
 c - a +0 buckler
 j - a +0 pair of boots
   (You found it on level 1 of the Dungeon)
 y - a +0 chain mail (worn)
   (You found it on level 4 of the Dungeon)
 B - a +0 pair of boots (worn)
   (You found it on level 5 of the Dungeon)
 E - a +0 kite shield (worn)
   (You took it off a gnoll sergeant on level 6 of the Dungeon)
Jewellery
 o - a ring of protection from cold (left hand)
   (You found it on level 2 of the Dungeon)
 v - a ring of ice
   (You found it on level 3 of the Dungeon)
Wands
 r - a wand of flame (23)
   (You took it off Natasha on level 2 of the Dungeon)
Scrolls
 e - a scroll of fog {unknown}
 f - a scroll of acquirement {unknown}
 g - 2 scrolls of noise {unknown}
 i - a scroll of fear {unknown}
 k - 6 scrolls of identify {unknown}
 m - a scroll of magic mapping {unknown}
 q - a scroll of amnesia {unknown}
 t - 3 scrolls of teleportation {unknown}
 u - a scroll of brand weapon {unknown}
 x - a scroll of vulnerability {unknown}
 F - a scroll of blinking {unknown}
 G - a scroll of enchant weapon {unknown}
Potions
 b - a potion of mutation {unknown}
 d - a potion of might
 h - a potion of degeneration {unknown}
 l - 2 potions of haste {@q3}
 n - a potion of lignification {unknown}
 p - a potion of ambrosia {unknown}
 s - a potion of curing {unknown}
 z - 2 potions of brilliance {unknown}
 A - 2 potions of heal wounds {unknown}

Dungeon Overview and Level Annotations

Branches:
Dungeon (6/15)
 Temple: D:4-7

Altars:

Shops:
D:5 :

Annotations:
D:4 3 runed translucent doors, Revguard's ghost, novice TrFi
D:5 Dowan; Duvessa ..... ### Ooo..

#.. ...... #.#### ###
...... #.#.. .. #..
......# ##.#.# .o #.#
......o ..#.# o##### #.#
)......###.#.# g.... #.#
.....zz....#)# ...# #.#
......####z#@# .g< #.#
..... #.#z###)# #.# ....
#..o....# #.# .#.
.#####.#.....#. #.# #
........####.#.########.#
.........................
#######.########..####...
###...#.#...####.....#)†.
#....##.##....##.###.#.#.


You could see a wight and an orc.


Message History

* * * LOW HITPOINT WARNING * * *
The orc priest invokes the aid of Beogh against you.
Beogh smites you!
* * * LOW HITPOINT WARNING * * *
😨 HP[-15]
You take 15 damage, and now have 26/71 hp.
MASSIVE DAMAGE!! (PAUSE)
You closely miss the orc priest. Your headbutt misses the orc priest.
The orc priest hits you with a +0 dagger.
* * * LOW HITPOINT WARNING * * *
You block the gnoll's attack. The gnoll hits you but does no damage.
The orc priest looks encouraged for a moment. 😨 HP[-4]
You take 4 damage, and now have 22/71 hp.
You barely miss the orc priest. You headbutt the orc priest.
You kill the orc priest!
You block the gnoll's attack. You block the gnoll's attack.
Items here: )))) ††. 😨 HP[+1]
You hit the gnoll. You headbutt the gnoll!
You kill the gnoll!
You closely miss the gnoll. You block the gnoll's attack. x2
You completely miss the gnoll. Your headbutt misses the gnoll.
The gnoll hits you but does no damage.
You slash the gnoll!
You kill the gnoll! 😨 HP[+1]
Items here: ))) [ †.
Items here: )))) ††.
Things that are here:
a +0 whip {mace}; a +0 robe
Okay, then.
Items here: )))) ††. 😨 HP[+1]
Okay, then.
Items here: ))) [ †.
Okay, then. 😨 HP[+1] 3 wights come into view.
A wight is wielding a +2 hand axe of freezing.
An orc comes into view. It is wielding a +2 dagger of freezing.
The orc shouts!
You hear a shout! x2
An ogre comes into view. It is wielding a +0 giant club.
An orc comes into view. It is wielding a +0 club.
An orc comes into view. It is wielding a +0 whip. 😨 HP[+1]
The adder hisses angrily.
You block the adder's attack. You block the adder's attack.
The adder bites you but does no damage.
Items here: ))) [ †. 😨 HP[+1]
Items here: )))) ††.
You closely miss the adder. The adder barely misses you.
The adder bites you but does no damage.
You barely miss the adder. Your headbutt misses the adder.
The adder barely misses you.
You closely miss the adder. Your headbutt misses the adder.
The adder bites you but does no damage. The adder barely misses you. 😨 HP[+1]
You closely miss the adder. Your headbutt misses the adder.
You block the adder's attack. The adder bites you but does no damage.
You hit the adder. You block the adder's attack.
The adder bites you but does no damage.
You closely miss the adder. Your headbutt misses the adder.
The adder bites you but does no damage. x2
You slash the adder!
You kill the adder!
The wight hits you with a +4 battleaxe.
* * * LOW HITPOINT WARNING * * *
😨 HP[-2]
You take 2 damage, and now have 27/71 hp.
You hit the wight but do no damage. The wight closely misses you.
You furiously retaliate!
You headbutt the wight! You slash the wight!
You destroy the wight!
You slash the wight! The wight hits you with a +5 flail!
* * * LOW HITPOINT WARNING * * *
You feel drained.
* * * LOW HITPOINT WARNING * * *
You block the wight's attack. 😨 HP[-9]
You now have 69 max hp (-2).
You take 9 damage, and now have 18/69 hp.
You hit the wight but do no damage. The wight hits you with a +5 flail.
* * * LOW HITPOINT WARNING * * *
You feel drained.
* * * LOW HITPOINT WARNING * * *
😱 HP[-7]
You now have 67 max hp (-2).
You take 7 damage, and now have 11/67 hp.
You hit the wight but do no damage. Your headbutt misses the wight.
You block the wight's attack.
You hit the wight. The wight hits you with a +5 flail.
* * * LOW HITPOINT WARNING * * *
You feel drained.
* * * LOW HITPOINT WARNING * * *
The wight hits you with a +5 flail!
You die...

Skill      XL: |  1  2  3  4  5  6  7  8 |
---------------+-------------------------+-----
Fighting       | 4 5 6 |  6.4
Dodging        | 1 2 3 4 |  4.6
Shields        | 4 5 6 |  6.6
Throwing       | 1 2 3 4 |  4.1
Armour         | 4 5 6 |  6.4
Axes           | 3 4 5 |  5.6

Action                   |  1- 3 |  4- 6 |  7- 9 || total
-------------------------+-------+-------+-------++-------
Melee: War axe           |    60 |    95 |   140 ||   295
       Headbutt          |     6 |    16 |    19 ||    41
Throw: Dart              |       |     9 |     6 ||    15
  Use: Potion            |       |       |     1 ||     1
Armor: Scale mail        |    29 |    12 |       ||    41
       Chain mail        |       |    20 |    54 ||    74
Dodge: Dodged            |    16 |    37 |    43 ||    96
Block: Buckler           |    17 |    14 |     9 ||    40
       Kite shield       |       |       |    50 ||    50

Levels and vault maps discovered:
D:1:      lightli_arrival_statue_moat, layout_loops_cross,
          chequers_ecumenical_altar_simple, chequers_serial_rivers_micro_c,
          minmay_quantized
D:2:      layout_rooms, kennysheep_minor_cross, hangedman_decor_points,
          uniq_natasha
D:3:      layout_loops_corners, small_statue_intersection
D:4:      minmay_recursive_quarters, layout_loops_corners, gammafunk_ghost_split
D:5:      layout_gridville, lemuel_zombie_altar_kikubaaqudgha, temple_statues,
          minmay_shop_grid_forest, uniq_duvessa, uniq_sigmund
D:6:      layout_basic, grunt_decor_arrowhead, minmay_misc_feat_x,
          minmay_pentangle

Notes
Turn   | Place    | Note
-------+----------+-------------------------------------------
     0 | D:1      | Faeu the Minotaur Fighter began the quest for the Orb.
     0 | D:1      | Reached XP level 1. HP: 19/19 MP: 0/0
     0 | D:1      | magus.rc [v1.9.6]
   301 | D:1      | Found a faded altar of an unknown god.
   499 | D:1      | Reached XP level 2. HP: 25/27 MP: 1/1
   917 | D:2      | You pick up a book of Air and begin reading...
   917 | D:2      | You add the spells Shock, Swiftness and Airstrike to your
                  | library.
   958 | D:2      | Reached skill level 4 in Fighting
  1040 | D:2      | Reached skill level 1 in Dodging
  1040 | D:2      | Reached XP level 3. HP: 33/33 MP: 2/2
  1062 | D:2      | Noticed Natasha
  1064 | D:2      | Reached skill level 4 in Shields
  1074 | D:2      | Killed Natasha
  1075 | D:2      | Reached skill level 1 in Throwing
  1075 | D:2      | Reached skill level 4 in Armour
  1223 | D:2      | Reached skill level 3 in Axes
  1223 | D:2      | Reached XP level 4. HP: 40/40 MP: 3/3
  1291 | D:2      | Noticed Natasha
  1298 | D:2      | Killed Natasha
  1518 | D:2      | Noticed Natasha
  1548 | D:2      | Killed Natasha
  1674 | D:3      | You pick up a book of Vapours and begin reading...
  1674 | D:3      | You add the spells Poisonous Vapours and Corpse Rot to your
                  | library.
  2131 | D:3      | Reached XP level 5. HP: 47/47 MP: 4/4
  2533 | D:4      | Reached skill level 2 in Dodging
  2706 | D:4      | Found a runed translucent gate.
  2707 | D:4      | Found a runed translucent gate.
  2708 | D:4      | Found a runed translucent gate.
  2710 | D:4      | Noticed Revguard's ghost (novice TrFi)
  2745 | D:4      | Noticed a necrophage
  2753 | D:4      | Killed a necrophage
  3077 | D:4      | Reached skill level 2 in Throwing
  3130 | D:4      | Reached XP level 6. HP: 48/53 MP: 5/5
  3200 | D:4      | Noticed an orc warrior
  3208 | D:4      | Killed an orc warrior
  3209 | D:4      | Reached skill level 5 in Shields
  3721 | D:5      | Entered Level 5 of the Dungeon
  3741 | D:5      | Reached skill level 5 in Fighting
  3741 | D:5      | Reached skill level 4 in Axes
  3741 | D:5      | Reached skill level 5 in Armour
  3741 | D:5      | Reached skill level 3 in Dodging
  3839 | D:5      | Found Etimya's Book Shoppe.
  3874 | D:5      | Reached XP level 7. HP: 52/61 MP: 6/6
  3932 | D:5      | Noticed Sigmund
  3943 | D:5      | Killed Sigmund
  3944 | D:5      | Reached skill level 3 in Throwing
  4035 | D:5      | Noticed Duvessa
  4035 | D:5      | Noticed Dowan
  5255 | D:6      | Reached XP level 8. HP: 57/70 MP: 7/7
  5258 | D:6      | Reached skill level 6 in Shields
  5350 | D:6      | Reached skill level 5 in Axes
  5387 | D:6      | Reached skill level 4 in Dodging
  5398 | D:6      | Reached skill level 6 in Fighting
  5600 | D:6      | Reached skill level 6 in Armour
  5865 | D:6      | Reached skill level 4 in Throwing
  5918 | D:6      | HP: 13/69 [wight/+5 flail (5)]
  5920 | D:6      | HP: 6/65 [wight/+5 flail (1)]
  5920 | D:6      | Slain by a wight

Vanquished Creatures
  Sigmund (D:5)
  An orc warrior (D:4)
  A sky beast (D:6)
  A necrophage (D:4)
  2 ogres (D:5)
  A gnoll sergeant (D:6)
  2 scorpions
  A bullfrog (D:6)
  A wight (D:6)
  A howler monkey (D:6)
  A centaur zombie (D:6)
  A bullfrog zombie (D:6)
  3 hounds (D:6)
  2 orc priests (D:6)
  A centaur skeleton (D:5)
  Natasha (thrice) (D:2)
  3 gnoll shamans (D:6)
  19 gnolls
  5 adders
  An adder skeleton (D:4)
  2 worms
  3 dart slugs
  4 orcs
  4 bats
  7 endoplasms
  3 giant cockroaches
  6 goblins
  4 hobgoblins
  2 jackals (D:2)
  2 quokkas (D:4)
  6 ball pythons
  6 kobolds
  4 rats
104 creatures vanquished.

Table legend:
 A = Non-vault XP
 B = Vault XP
 C = Vault XP percentage of total XP
 D = Non-vault monster count
 E = Vault monster count
 F = Vault count percentage of total count
                 A         B        C        D         E       F
            +---------+---------+-------+---------+---------+-------
      Total |    1698 |     614 |  26.6 |      89 |      15 |  14.4
            +---------+---------+-------+---------+---------+-------
        D:1 |      12 |       5 |  29.4 |       7 |       4 |  36.4
        D:2 |     127 |      37 |  22.6 |      19 |       1 |   5.0
        D:3 |      17 |       0 |   0.0 |       8 |       0 |   0.0
        D:4 |     210 |     136 |  39.3 |      18 |       5 |  21.7
        D:5 |     361 |     238 |  39.7 |       5 |       1 |  16.7
        D:6 |     971 |     198 |  16.9 |      32 |       4 |  11.1
            +---------+---------+-------+---------+---------+-------

Illustrated notes

Table legend:
 A = Kills in this place as a percentage of kills in entire the game.
 B = Kills by you in this place as a percentage of kills by you in the entire game.
 C = Kills by friends in this place as a percentage of kills by friends in the entire game.
 D = Other kills in this place as a percentage of other kills in the entire game.
 E = Experience gained in this place as a percentage of experience gained in the entire game.
 F = Experience gained in this place divided by the number of levels of this place that you have seen.
                   A       B       C       D       E      F
               +-------+-------+-------+-------+-------+----------------------
         Total | 100.0 | 100.0 |   N/A |   N/A | 100.0 | 385.3
       Dungeon | 100.0 | 100.0 |   N/A |   N/A | 100.0 | 385.3
               +-------+-------+-------+-------+-------+----------------------

Table legend: (Time is in decaauts)
 A = Elapsed time spent in this place.
 B = Non-inter-level travel time spent in this place.
 C = Inter-level travel time spent in this place.
 D = Time resting spent in this place.
 E = Time spent auto-exploring this place.
 F = Levels seen in this place.
 G = Mean time per level.
                   A        B        C        D        E       F      G
               +--------+--------+--------+--------+--------+-----+--------+
         Total |   6023 |   5891 |    132 |    923 |   3219 |   6 | 1003.8 |
       Dungeon |   6023 |   5891 |    132 |    923 |   3219 |   6 | 1003.8 |
               +--------+--------+--------+--------+--------+-----+--------+

Top non-repeatable levels by time:
     D:4: 1561 daAuts
     D:6: 980 daAuts
     D:5: 923 daAuts
     D:1: 871 daAuts
     D:3: 871 daAuts
     D:2: 815 daAuts
